 Dungeon Sprint DCSS version 0.29-a0-251-g80730f7218 (webtiles) character file.

Game seed: 3802847627637633225

1691 mhtbhm the Severer (level 8, -14/90 HPs)
             Began as a Minotaur Berserker on Mar 5, 2022.
             Was an Elder of Trog.
             Demolished by a boulder beetle (27 damage)
             ... in the Dungeon (Sprint II: "The Violet Keep of Menkaure").
             The game lasted 00:00:55 (406 turns).

mhtbhm the Severer (Minotaur Berserker)              Turns: 406, Time: 00:00:55

Health: -14/90     AC:  2    Str: 23    XL:     8   Next: 72%
Magic:  6/6        EV: 14    Int:  4    God:    Trog [****..]
Gold:   729        SH:  0    Dex: 11    Spells: 7/7 levels left

rFire   . . .      SeeInvis .   a - +0 hand axe
rCold   + . .      Faith    .   (no shield)
rNeg    . . .      Spirit   .   b - +0 animal skin
rPois   .          Reflect  .   (helmet restricted)
rElec   .          Harm     .   (no cloak)
rCorr   .          Rampage  .   (no gloves)
Will    .....      NoTele   +   (no boots)
Stlth   +.........              (no amulet)
HPRegen 0.25/turn               (no ring)
MPRegen 0.10/turn               (no ring)

@: on berserk cooldown, slowed, very slow
A: horns 2, retaliatory headbutt, cold resistance 1, low MP 1
a: Renounce Religion, Berserk, Trog's Hand, Brothers in Arms


You were in the Dungeon.
You worshipped Trog.
Trog was greatly pleased with you.
You visited 1 branch You collected 729 gold pieces.

Inventory:

Hand Weapons
 a - a +0 hand axe (weapon)
Armour
 b - a +0 animal skin (worn)
Scrolls
 h - a scroll of blinking
Potions
 c - a potion of curing
 e - a potion of haste
 f - 2 potions of magic
 g - a potion of berserk rage


   Skills:
 + Level 14.3 Fighting
 + Level 15.4 Axes
 + Level 7.8 Armour
 + Level 7.8 Dodging


You had 7 spell levels left.
You didn't know any spells.
Your spell library was empty.

Dungeon Overview and Level Annotations

Branches:
Dungeon (1/1)

Altars:

Shops:
D [*?!(=((


Innate Abilities, Weirdness & Mutations

You have a pair of horns on your head.
You reflexively headbutt those who attack you in melee.
Your flesh is cold resistant. (rC+)
Your magical capacity is low. (-10% MP)


Message History

The boulder beetle leaps!
You are no longer berserk.
You are exhausted.
You feel yourself slow down.
The boulder beetle curls into a ball and begins rolling!
There is a staircase leading out of the dungeon here.
The boulder beetle hits you!
* * * LOW HITPOINT WARNING * * *
The boulder beetle stops rolling and uncurls.
Unknown command.
The boulder beetle bites you!
* * * LOW HITPOINT WARNING * * *
There is an open door, spattered with blood here.
Unknown command.
Press: ? - help, v - describe, . - travel
Here: a boulder beetle (almost dead)
The floor, spattered with blood.
Unknown command.
You hit the boulder beetle but do no damage.
You headbutt the boulder beetle, but do no damage.
The boulder beetle is almost dead.
The boulder beetle misses you.
You hit the boulder beetle but do no damage.
You headbutt the boulder beetle.
The boulder beetle is almost dead.
The boulder beetle closely misses you.
You hit the boulder beetle but do no damage.
The boulder beetle is almost dead.
The boulder beetle bites you.
* * * LOW HITPOINT WARNING * * *
You hit the boulder beetle but do no damage.
The boulder beetle is almost dead.
You hit the boulder beetle but do no damage.
The boulder beetle is almost dead.
The boulder beetle closely misses you. You furiously retaliate!
You headbutt the boulder beetle.
You hit the boulder beetle but do no damage.
The boulder beetle is almost dead.
The boulder beetle bites you!!
You die...

.... ##+## ....
##...## ∩...#
#..#..# .∩..#
###.#÷####
∩.∩.#≈##.###÷###.##
.∩.∩#≈#..###.##...#
..∩.'≈'.##°.<.†###+
...∩#≈#.#°##B##$..#
▓▓### ##†###@###.##
#### ####.#.# ##
#.###.# ## ##


You could see a boulder beetle.

Vanquished Creatures
  A boulder beetle (D)
  2 wyverns (D)
  4 neqoxecs (D)
  A water moccasin (D)
  4 necrophages (D)
12 creatures vanquished.

Notes
Turn   | Place    | Note
-------+----------+-------------------------------------------
     0 | D        | mhtbhm the Minotaur Berserker began the quest for the Orb.
     0 | D        | Reached XP level 1. HP: 19/19 MP: 0/0
     5 | D        | Noticed a necrophage
     5 | D        | Noticed a necrophage
     5 | D        | Noticed a necrophage
     5 | D        | Noticed a necrophage
     9 | D        | Killed a necrophage
    10 | D        | Reached skill level 6 in Axes
    10 | D        | Reached XP level 2. HP: 31/31 MP: 1/1
    10 | D        | Reached XP level 3. HP: 38/38 MP: 2/2
    14 | D        | Killed a necrophage
    15 | D        | Reached skill level 8 in Axes
    15 | D        | Reached XP level 4. HP: 48/48 MP: 3/3
    18 | D        | Killed a necrophage
    18 | D        | Reached ** piety under Trog
    19 | D        | Reached skill level 9 in Axes
    19 | D        | Reached XP level 5. HP: 56/56 MP: 4/4
    22 | D        | Reached skill level 5 in Armour
   125 | D        | Noticed a boulder beetle
   125 | D        | Noticed a boulder beetle
   129 | D        | Noticed a neqoxec
   129 | D        | Noticed a neqoxec
   130 | D        | Gained mutation: Your magical capacity is low. (-10% MP) [a
                  | neqoxec]
   131 | D        | Gained mutation: Your flesh is cold resistant. (rC+) [a
                  | neqoxec]
   136 | D        | Killed a neqoxec
   137 | D        | Reached skill level 10 in Fighting
   137 | D        | Reached skill level 11 in Axes
   137 | D        | Reached skill level 5 in Dodging
   137 | D        | Reached XP level 6. HP: 67/67 MP: 4/4
   141 | D        | Killed a neqoxec
   142 | D        | Reached skill level 12 in Axes
   147 | D        | Noticed a neqoxec
   158 | D        | Killed a neqoxec
   158 | D        | Reached *** piety under Trog
   159 | D        | Reached XP level 7. HP: 32/77 MP: 5/5
   163 | D        | Found Jococov's Antique Weapon Boutique.
   163 | D        | Found Odang's Antique Weapon Shop.
   163 | D        | Found Utzeholo's Magic Scroll Boutique.
   163 | D        | Noticed a neqoxec
   164 | D        | Found Pegeta's Jewellery Boutique.
   164 | D        | Found Suowaunk's Distillery.
   164 | D        | Found Pineono's General Store.
   164 | D        | Found Weojao's Antique Armour Shop.
   167 | D        | Found Kughe's Antique Weapon Shop.
   174 | D        | Killed a neqoxec
   175 | D        | Reached skill level 13 in Axes
   319 | D        | Noticed a wyvern
   319 | D        | Noticed a wyvern
   325 | D        | Killed a wyvern
   330 | D        | Killed a wyvern
   330 | D        | Reached **** piety under Trog
   331 | D        | Reached skill level 14 in Axes
   331 | D        | Reached XP level 8. HP: 86/86 MP: 6/6
   382 | D        | Killed a boulder beetle
   383 | D        | Reached skill level 15 in Axes
   406 | D        | Demolished by a boulder beetle

Illustrated notes

Levels and vault maps discovered:
D:        the_violet_keep_of_menkaure [sprint2_stairs_cluster_1,
          sprint2_shoproom, sprint2_temple, sprint2_basic_supplies,
          sprint2_obstacle_5, sprint2_obstacle_3, sprint2_obstacle_6,
          sprint2_obstacle_4, sprint2_obstacle_7, sprint2_timed_cluster_1,
          sprint2_smallroom_cluster_1, sprint2_smallroom_final_cluster_1,
          sprint2_transparent_cluster_1, sprint2_second_timed_cluster_1,
          sprint2_sniper_area_1, sprint2_heavy_combat_area_1,
          sprint2_mutation_trap_area_1, sprint2_forest_area_1,
          sprint2_light_combat_area_1, sprint2_behind_water_1,
          sprint2_near_end_vault_1]

Skill      XL: |  1  2  3  4  5  6  7  8 |
---------------+-------------------------+-----
Fighting       | 6 7 8 10 12 13 14 | 14.3
Axes           | 6 8 9 11 12 14 15 | 15.4
Armour         | 3 4 5 6 7 |  7.8
Dodging        | 3 4 5 6 7 |  7.8

Action                   |  1- 3 |  4- 6 |  7- 9 || total
-------------------------+-------+-------+-------++-------
Melee: Hand axe          |     8 |    26 |    45 ||    79
       Headbutt          |       |     5 |    15 ||    20
       Punch             |       |     1 |     3 ||     4
Invok: Berserk           |     1 |     1 |     2 ||     4
  Use: Potion            |       |       |     1 ||     1
Armor: Animal skin       |     1 |     1 |     1 ||     3
Dodge: Dodged            |     1 |     7 |    15 ||    23

Table legend: (Time is in decaauts)
 A = Elapsed time spent in this place.
 B = Non-inter-level travel time spent in this place.
 C = Inter-level travel time spent in this place.
 D = Time resting spent in this place.
 E = Time spent auto-exploring this place.
 F = Levels seen in this place.
 G = Mean time per level.
                   A        B        C        D        E       F      G
               +--------+--------+--------+--------+--------+-----+--------+
         Total |    407 |    407 |      0 |    288 |      0 |   1 |  407.0 |
       Dungeon |    407 |    407 |      0 |    288 |      0 |   1 |  407.0 |
               +--------+--------+--------+--------+--------+-----+--------+

Top non-repeatable levels by time:
       D: 407 daAuts
